 Dungeon Crawl Stone Soup version 0.20.0-8-g6b59dc7 (webtiles) character file.

34256 MTVSty1e the Severer (level 13, -2/136 HPs)
             Began as a Minotaur Fighter on June 2, 2017.
             Was a High Priest of Okawaru.
             Slain by a black mamba (12 damage)
             ... on level 4 of the Lair of Beasts.
             The game lasted 00:32:37 (17734 turns).

MTVSty1e the Severer (Minotaur Fighter)            Turns: 17734, Time: 00:32:38

Health: -2/136     AC: 17    Str: 26    XL:     13   Next: 41%
Magic:  15/15      EV:  6    Int:  5    God:    Okawaru [*****.]
Gold:   920        SH:  0    Dex: 10    Spells: 12/12 levels left

rFire    . . .     SeeInvis .   U - +2 broad axe (flame)
rCold    + . .     Gourm    .   c - +1 shield
rNeg     + . .     Faith    .   K - +0 plate armour
rPois    +         Spirit   .   (helmet unavailable)
rElec    .         Reflect  .   n - scarf {repulsion}
rCorr    .         Harm     .   V - +2 pair of gloves
MR       .....                  (no boots)
Stlth    ..........             (no amulet)
Regen    0.4/turn               M - ring of poison resistance
MPRegen  0.2/turn               J - ring of positive energy

@: confused, repel missiles
A: retaliatory headbutt, horns 3, talons 2, cold resistance 1, robust 1
a: Heroism, Finesse, Renounce Religion


You were on level 4 of the Lair of Beasts.
You worshipped Okawaru.
Okawaru was extremely pleased with you.
You were not hungry.

You visited 3 branches of the dungeon, and saw 15 of its levels.
You also visited: Labyrinth.

You collected 920 gold pieces.

Inventory:

Hand Weapons
 a - a +1 war axe
 z - a +1 scimitar of flaming
 I - a cursed +3 battleaxe of freezing
 U - a +2 broad axe of flaming (weapon)
Armour
 c - a +1 shield (worn)
 e - a +4 scale mail of fire resistance
 n - a scarf of repulsion (worn)
 K - a +0 plate armour (worn)
 V - a +2 pair of gloves (worn)
Jewellery
 g - an uncursed amulet of regeneration
 o - an uncursed ring of flight
 D - a +6 amulet of reflection {unknown}
 J - a ring of positive energy (right hand)
 M - a ring of poison resistance (left hand)
 P - an uncursed ring of protection from cold {unknown}
 R - an uncursed ring of ice
 W - an uncursed amulet of magic regeneration {unknown}
 Y - a cursed -2 ring of slaying {unknown}
Wands
 m - a wand of disintegration (11/24)
 s - a wand of flame (10/48)
 x - a wand of iceblast (10/15)
 A - a wand of polymorph (13/24)
 B - a wand of paralysis (12/24)
 C - a wand of confusion (21/48)
 H - a wand of digging (14/24)
Scrolls
 h - 4 scrolls of blinking
 i - 6 scrolls of remove curse
 j - a scroll of magic mapping
 p - 5 scrolls of enchant weapon
 t - 5 scrolls of immolation
 u - 4 scrolls of enchant armour
 y - 2 scrolls of amnesia
 F - a scroll of fog
 G - a scroll of fear
 L - 2 scrolls of teleportation
 X - a scroll of identify
Potions
 d - a potion of brilliance {unknown}
 k - 2 potions of magic
 l - 3 potions of berserk rage {unknown}
 r - 2 potions of lignification
 v - 2 potions of invisibility
 w - 2 potions of cancellation
 E - 2 potions of ambrosia
 Q - a potion of curing
 S - a potion of haste {unknown}
Comestibles
 b - 14 fruits
 f - 3 bread rations
 N - a meat ration


   Skills:
 + Level 14.3 Fighting
 * Level 18.6 Axes
 * Level 8.9 Armour
 + Level 6.7 Shields
 + Level 4.6 Invocations
 + Level 4.0 Evocations


You had 12 spell levels left.
You didn't know any spells.

Dungeon Overview and Level Annotations

Branches:
Dungeon (10/15)            Temple (1/1) D:7            Lair (4/6) D:9
 Shoals (0/4) Lair:4        Snake (0/4) Lair:4          Orc (0/2) D:9

Altars:
Ashenzari
Cheibriados
Dithmenos
Elyvilon
Fedhas
Gozag
Hepliaklqana
Nemelex Xobeh
Okawaru
Qazlal
Ru
Sif Muna
Trog
Uskayaw
Vehumet
Xom
Yredelemnul
Zin
The Shining One

Shops:
D:5 }

Annotations:
D:7 exclusion: oklob plant


Innate Abilities, Weirdness & Mutations

You reflexively headbutt those who attack you in melee.
You have a pair of large horns on your head.
You have razor-sharp toenails.
Your flesh is cold resistant. (rC+)
You are robust. (+10% HP)


Message History

The black mamba bites you but does no damage.
You barely miss the black mamba. You claw the black mamba.
The black mamba is moderately wounded.
The black mamba bites you.
* * * LOW HITPOINT WARNING * * *
Your shield and plate armour prevent you from hitting the black mamba.
Your kick misses the black mamba. You headbutt the black mamba!
The black mamba is severely wounded.
The black mamba bites you!
* * * LOW HITPOINT WARNING * * *
The black mamba bites you but does no damage.
You hit the black mamba. You burn the black mamba.
Your headbutt misses the black mamba.
The black mamba is severely wounded.
You block the black mamba's attack.
You are confused.
You feel invigorated. The black mamba bites you!
* * * LOW HITPOINT WARNING * * *
The black mamba bites you!
You die...

.........## ##. .......### ##
......## ####. ....>## ....#
...### .....# ..## ..(. ###
#####y. # ##...S# ##...@.##
#...#†..# # #####†..†.##### #
##...#†..†...... #
##....)#####..... #...(...#
..#... ##.....#####.....#####
#####........##...##...##
#####.#######.....#####.....##


You could see a black mamba and a killer bee.

Vanquished Creatures
  Rupert (Lair:3)
  A minotaur (Lab)
  3 hydras
  Erica (D:9)
  3 two-headed ogres
  7 death yaks
  Pikel (D:4)
  A manticore (Lair:4)
  An elephant (Lair:4)
  Maurice (D:8)
  A merfolk siren (Lair:4)
  Joseph (D:8)
  3 black mambas
  A gargoyle (D:9)
  A centaur skeleton (D:7)
  4 komodo dragons
  6 spiny frogs
  2 rime drakes
  4 meliai
  A queen bee (Lair:4)
  2 trolls (D:10)
  Grinder (D:3)
  3 blink frogs (Lair:3)
  4 hippogriffs
  Sigmund (D:6)
  3 wyverns (Lair:4)
  3 hungry ghosts
  4 basilisks
  18 yaks
  Eustachio (D:4)
  6 water moccasins
  Duvessa (D:5)
  4 porcupines
  2 orc warriors
  2 ice beasts
  2 slaves (D:4)
  A black bear (D:10)
  2 phantoms
  4 sky beasts
  7 ogres
  7 wolves (Lair:2)
  6 centaurs
  A necrophage (D:9)
  8 crocodiles
  2 big kobolds
  7 bullfrogs
  A wyvern skeleton (D:10)
  Dowan (D:5)
  3 scorpions
  12 wights
  2 vampire bats (D:5)
  33 killer bees
  4 electric eels
  A howler monkey (D:9)
  5 crimson imps
  4 orc priests
  5 hounds
  A jelly (D:8)
  An iguana (D:9)
  Ijyb (D:3)
  A hell rat (Lair:4)
  6 orc wizards
  4 worker ants
  A hound zombie (D:9)
  A hound skeleton (D:4)
  A worker ant zombie (D:5)
  A howler monkey skeleton (D:9)
  17 adders
  2 shadow imps
  2 oozes
  An adder skeleton (D:8)
  4 worms
  A dart slug (D:1)
  7 leopard geckos
  35 orcs
  4 giant cockroaches
  5 goblins
  7 hobgoblins
  3 jackals (D:5)
  9 quokkas
  A ball python skeleton (D:5)
  12 bats
  6 frilled lizards
  A jackal zombie (D:5)
  12 kobolds
  A quokka skeleton (D:4)
  5 rats
  4 plants
374 creatures vanquished.

Vanquished Creatures (others)
  An adder (D:4)
  2 fungi
  2 plants
5 creatures vanquished.

Grand Total: 379 creatures vanquished

Notes
Turn   | Place    | Note
-------+----------+-------------------------------------------
     0 | D:1      | MTVSty1e the Minotaur Fighter began the quest for the Orb.
     0 | D:1      | Reached XP level 1. HP: 19/19 MP: 0/0
   138 | D:1      | Reached skill level 3 in Axes
   144 | D:1      | Reached XP level 2. HP: 22/27 MP: 1/1
   640 | D:2      | Reached XP level 3. HP: 28/33 MP: 2/2
   901 | D:2      | Reached skill level 4 in Axes
  1305 | D:2      | Found a radiant altar of Vehumet.
  1322 | D:2      | Reached XP level 4. HP: 38/41 MP: 3/3
  1739 | D:2      | Found a sacrificial altar of Ru.
  1748 | D:2      | Reached skill level 5 in Fighting
  1748 | D:2      | Reached skill level 5 in Axes
  1964 | D:3      | Reached XP level 5. HP: 41/48 MP: 4/4
  2030 | D:3      | Found a snail-covered altar of Cheibriados.
  2031 | D:3      | Noticed Ijyb
  2038 | D:3      | Killed Ijyb
  2091 | D:3      | Noticed Grinder
  2104 | D:3      | Killed Grinder
  2104 | D:3      | Reached skill level 7 in Axes
  2104 | D:3      | Reached XP level 6. HP: 34/57 MP: 5/5
  2789 | D:4      | Noticed Pikel
  2789 | D:4      | Noticed a slave
  2789 | D:4      | Noticed a slave
  2789 | D:4      | Noticed a slave
  2790 | D:4      | Noticed a slave
  2797 | D:4      | Killed a slave
  2798 | D:4      | Killed a slave
  2799 | D:4      | Killed Pikel
  2799 | D:4      | Reached skill level 9 in Axes
  2799 | D:4      | Reached XP level 7. HP: 13/66 MP: 6/6
  3041 | D:4      | Reached XP level 8. HP: 40/73 MP: 7/7
  3542 | D:4      | Noticed Eustachio
  3567 | D:4      | Killed Eustachio
  3643 | D:4      | Reached skill level 10 in Axes
  4012 | D:5      | Entered Level 5 of the Dungeon
  4022 | D:5      | Found Pisk's Gadget Emporium.
  4159 | D:5      | Noticed Dowan
  4161 | D:5      | Noticed Duvessa
  4178 | D:5      | Killed Duvessa
  4179 | D:5      | Killed Dowan
  4536 | D:5      | Reached skill level 11 in Axes
  4576 | D:5      | Gained mutation: You are clumsy. (Dex -2) [mutagenic meat]
  4577 | D:5      | Gained mutation: Your body sometimes deteriorates upon taking damage. [mutagenic meat]
  4578 | D:5      | Gained mutation: You are dopey. (Int -2) [mutagenic meat]
  4717 | D:5      | Gained mutation: You are frail. (-10% HP) [mutagenic meat]
  4739 | D:5      | Found a hide-covered altar of Uskayaw.
  4739 | D:5      | Found a deep blue altar of Sif Muna.
  4763 | D:5      | Reached XP level 9. HP: 74/74 MP: 8/8
  5400 | D:6      | Reached skill level 12 in Axes
  5591 | D:6      | Noticed Sigmund
  5601 | D:6      | Killed Sigmund
  5719 | D:6      | Found a sparkling altar of Nemelex Xobeh.
  5958 | D:7      | Reached skill level 10 in Fighting
  5985 | D:7      | Found a staircase to the Ecumenical Temple.
  5996 | Temple   | Entered the Ecumenical Temple
  6008 | Temple   | Became a worshipper of Warmaster Okawaru
  6312 | D:7      | Found a sparkling altar of Nemelex Xobeh.
  6434 | D:7      | Found a blossoming altar of Fedhas.
  6455 | D:7      | Noticed an oklob plant
  6549 | D:8      | Reached skill level 13 in Axes
  6670 | D:8      | You fall through a shaft for 2 floors!
  6670 | D:10     | Entered Level 10 of the Dungeon
  6687 | D:10     | Gained mutation: Your muscles are strong. (Str +2) [mutagenic meat]
  6688 | D:10     | Gained mutation: You do not regenerate when monsters are visible. [mutagenic meat]
  6689 | D:10     | Gained mutation: Your magical capacity is low. (-10% MP) [mutagenic meat]
  6690 | D:10     | Gained mutation: You have very sharp teeth. [mutagenic meat]
  6869 | D:10     | Lost mutation: Your body sometimes deteriorates upon taking damage. [mutagenic meat]
  6870 | D:10     | Gained mutation: Your flesh is cold resistant. (rC+) [mutagenic meat]
  6871 | D:10     | Lost mutation: You are frail. (-10% HP) [mutagenic meat]
  7072 | D:10     | Noticed a troll
  7080 | D:10     | Killed a troll
  7080 | D:10     | Reached * piety under Okawaru
  7080 | D:10     | Reached XP level 10. HP: 63/94 MP: 8/8
  7813 | D:10     | Reached skill level 14 in Axes
  8817 | D:10     | Noticed a tengu warrior
  8862 | D:9      | Reached ** piety under Okawaru
  9013 | D:9      | Found a staircase to the Lair.
  9044 | D:9      | Noticed Erica
  9059 | D:9      | Killed Erica
  9340 | D:9      | Found a hazy altar of Hepliaklqana.
  9348 | D:9      | Noticed a gargoyle
  9356 | D:9      | Killed a gargoyle
  9356 | D:9      | Reached skill level 15 in Axes
  9591 | D:9      | Reached *** piety under Okawaru
  9624 | D:9      | Found a sacrificial altar of Ru.
  9741 | D:9      | Found a staircase to the Orcish Mines.
  9807 | D:9      | Noticed a two-headed ogre
  9817 | D:9      | Killed a two-headed ogre
  9817 | D:9      | Reached XP level 11. HP: 24/104 MP: 6/8
 10285 | D:9      | Reached **** piety under Okawaru
 10464 | D:9      | Reached skill level 16 in Axes
 11112 | D:9      | Noticed a two-headed ogre
 11119 | D:9      | Killed a two-headed ogre
 11247 | D:8      | Noticed Maurice
 11248 | D:8      | Noticed a two-headed ogre
 11256 | D:8      | Noticed Joseph
 11256 | D:8      | Killed Maurice
 11257 | D:8      | Killed a two-headed ogre
 11270 | D:8      | Killed Joseph
 11270 | D:8      | Reached ***** piety under Okawaru
 11777 | Lair:1   | Entered Level 1 of the Lair of Beasts
 11788 | Lair:1   | Noticed a seven-headed hydra
 11796 | Lair:1   | Killed a three-headed hydra
 11796 | Lair:1   | Reached skill level 17 in Axes
 11819 | Lair:1   | Noticed Sonja
 12037 | Lair:1   | Noticed Sonja
 12037 | Lair:1   | Sonja changed into Sonja the meliai
 12042 | Lair:1   | Killed Sonja the meliai
 12648 | Lair:1   | Received a gift from Okawaru
 13346 | Lair:1   | Reached skill level 1 in Evocations
 13361 | Lair:1   | Reached XP level 12. HP: 98/115 MP: 10/10
 13394 | Lair:1   | Reached skill level 1 in Invocations
 14301 | Lair:2   | Reached skill level 5 in Armour
 14535 | Lair:2   | Noticed a death yak
 14535 | Lair:2   | Noticed a death yak
 14536 | Lair:2   | Noticed a death yak
 14537 | Lair:2   | Noticed a death yak
 14538 | Lair:2   | Noticed a death yak
 14539 | Lair:2   | Noticed a death yak
 14547 | Lair:2   | Killed a death yak
 14549 | Lair:2   | Killed a death yak
 14552 | Lair:2   | Killed a death yak
 14552 | Lair:2   | Reached skill level 5 in Shields
 14558 | Lair:2   | Killed a death yak
 14561 | Lair:2   | Killed a death yak
 14569 | Lair:2   | Killed a death yak
 15361 | Lair:3   | Reached skill level 18 in Axes
 15363 | Lair:3   | Found a labyrinth entrance.
 15394 | Lab      | Entered a labyrinth
 15491 | Lab      | Noticed a minotaur
 15495 | Lab      | Killed a minotaur
 15657 | Lair:3   | Received a gift from Okawaru
 15664 | Lair:3   | Noticed Rupert
 15668 | Lair:3   | Paralysed by Rupert for 4 turns
 15689 | Lair:3   | Killed Rupert
 15973 | Lair:3   | Reached XP level 13. HP: 124/124 MP: 13/13
 16593 | Lair:4   | Received a gift from Okawaru
 17062 | Lair:4   | Found a staircase to the Shoals.
 17099 | Lair:4   | Found a staircase to the Snake Pit.
 17189 | Lair:4   | Found a snail-covered altar of Cheibriados.
 17360 | Lair:4   | Lost mutation: Your muscles are strong. (Str +2) [potion of mutation]
 17360 | Lair:4   | Lost mutation: You are clumsy. (Dex -2) [potion of mutation]
 17360 | Lair:4   | Gained mutation: You are somewhat resistant to further mutation. [potion of mutation]
 17361 | Lair:4   | Lost mutation: Your magical capacity is low. (-10% MP) [potion of mutation]
 17361 | Lair:4   | Lost mutation: You do not regenerate when monsters are visible. [potion of mutation]
 17361 | Lair:4   | Gained mutation: Scrolls take you a little longer to read. [potion of mutation]
 17361 | Lair:4   | Gained mutation: You are resistant to hostile enchantments. (MR+) [potion of mutation]
 17362 | Lair:4   | Lost mutation: You are dopey. (Int -2) [potion of mutation]
 17362 | Lair:4   | Lost mutation: You are somewhat resistant to further mutation. [potion of mutation]
 17362 | Lair:4   | Lost mutation: Scrolls take you a little longer to read. [potion of mutation]
 17362 | Lair:4   | Lost mutation: You are resistant to hostile enchantments. (MR+) [potion of mutation]
 17362 | Lair:4   | Gained mutation: You are robust. (+10% HP) [potion of mutation]
 17362 | Lair:4   | Gained mutation: You expend magic power (3 MP) to strengthen your wands. [potion of mutation]
 17362 | Lair:4   | Gained mutation: You have large cloven feet. [potion of mutation]
 17362 | Lair:4   | Gained mutation: Your spells are a little harder to cast, but a little more powerful. [potion of mutation]
 17363 | Lair:4   | Lost mutation: Your spells are a little harder to cast, but a little more powerful. [potion of mutation]
 17363 | Lair:4   | Lost mutation: You have large cloven feet. [potion of mutation]
 17363 | Lair:4   | Lost mutation: You have very sharp teeth. [potion of mutation]
 17363 | Lair:4   | Lost mutation: You expend magic power (3 MP) to strengthen your wands. [potion of mutation]
 17363 | Lair:4   | Gained mutation: You have sharp toenails. [potion of mutation]
 17363 | Lair:4   | Gained mutation: You have razor-sharp toenails. [potion of mutation]
 17363 | Lair:4   | Gained mutation: You have a pair of large horns on your head. [potion of mutation]
 17734 | Lair:4   | Slain by a black mamba

Skill      XL: |  1  2  3  4  5  6  7  8  9 10 11 12 13 |
---------------+----------------------------------------+-----
Axes           | 3 4 5 7 9 11 13 15 17 18 | 18.6
Fighting       | 4 5 6 7 9 10 12 13 14 | 14.3
Shields        | 4 6 |  6.7
Evocations     | 1 3 4 |  4.0
Armour         | 4 7 8 |  8.9
Invocations    | 3 4 |  4.6

Action                   |  1- 3 |  4- 6 |  7- 9 | 10-12 | 13-15 || total
-------------------------+-------+-------+-------+-------+-------++-------
Melee: War axe           |    80 |   124 |   290 |   346 |       ||   840
       Headbutt          |     5 |    15 |    54 |    88 |    23 ||   185
       Bite              |       |       |     2 |    59 |     4 ||    65
       Broad axe         |       |       |       |   145 |   145 ||   290
       Scimitar          |       |       |       |     4 |       ||     4
       Kick              |       |       |       |       |    23 ||    23
Invok: Heroism           |       |       |       |    16 |     2 ||    18
       Finesse           |       |       |       |     1 |       ||     1
Evoke: Wand              |       |       |       |     2 |       ||     2
  Use: Potion            |     3 |     1 |     2 |     9 |     6 ||    21
       Scroll            |     2 |       |    14 |     5 |     3 ||    24
 Stab: Paralysed         |       |     1 |       |       |       ||     1
  Eat: Bread ration      |     1 |       |     1 |     3 |     1 ||     6
       Meat ration       |       |     1 |     1 |     2 |     1 ||     5
       Chunk             |       |       |    13 |       |       ||    13
       Royal jelly       |       |       |     1 |     1 |       ||     2
       Fruit             |       |       |       |     5 |       ||     5
Armor: Scale mail        |    41 |    49 |    65 |       |       ||   155
       Plate armour      |       |       |    22 |   175 |    72 ||   269
Dodge: Dodged            |    20 |    34 |    62 |    74 |    30 ||   220
       Deflected         |       |       |     1 |     4 |       ||     5
Block: Shield            |    47 |    67 |   141 |   253 |    96 ||   604
       Rpst.: Scimitar   |       |       |       |     1 |       ||     1
